[Event "*** Titled Tuesday Blitz"]
[Site "Chess.com"]
[Date "2020.05.05"]
[Round "6"]
[White "bascheyaro"]
[Black "Nbk90"]
[Result "1-0"]
[WhiteElo "2705"]
[BlackElo "2502"]
[TimeControl "180+1"]
[EndTime "11:08:05 PDT"]
[Termination "bascheyaro won on time"]

1. d4 e6 2. Nf3 f5 3. c3 Nf6 4. g3 d5 5. Bf4 Bd6 6. Nbd2 O-O 7. e3 b6 8. Ne5 c5 9. h4 Qc7 10. h5 Nbd7 11. Ndf3 Ng4 12. Nxd7 Bxd7 13. Bh3 cxd4 14. Bxd6 Qxd6 15. exd4 Bb5 16. Bxg4 fxg4 17. Ne5 Rf5 18. Qxg4 Rxe5+ 19. dxe5 Qxe5+ 20. Kd2 Rf8 21. f4 Qd6 22. Rhe1 Rf6 23. Re5 d4 24. Rd1 dxc3+ 25. Kc2 Qc6 26. Rd8+ Kf7 27. b3 Qg2+ 28. Kxc3 Qf2 29. Rd2 Qg1 30.
Kb2 Be8 31. Rg5 g6 32. hxg6+ hxg6 33. Qh4 Qe3 34. Qh7+ Kf8 35. Qh8+ Kf7 36. Qh2 Qe4 37. Re5 Qc6 38. Rd8 Qc7 39. Qh7+ 1-0

[Event "*** Titled Tuesday Blitz"]
[Site "Chess.com"]
[Date "2020.05.05"]
[Round "6"]
[White "Riptide27"]
[Black "Gulkov_Igor"]
[Result "1/2-1/2"]
[WhiteElo "2530"]
[BlackElo "2406"]
[TimeControl "180+1"]
[EndTime "11:08:06 PDT"]
[Termination "Game drawn - insufficient material"]

1. d4 Nf6 2. c4 e6 3. Nc3 Bb4 4. e3 O-O 5. Bd2 d5 6. Nf3 c5 7. a3 Bxc3 8. Bxc3 cxd4 9. Nxd4 Nc6 10. cxd5 Nxd5 11. Nxc6 bxc6 12. Bd4 Ba6 13. Bxa6 Qa5+ 14. b4 Qxa6 15. Qe2 Qb5 16. Bc5 Rfb8 17. Bd6 Rb7 18. Qxb5 cxb5 19. O-O Nb6 20. Rfd1 Nc4 21. Bc5 Rc8 22. Rd4 f6 23. a4 a6 24. axb5 axb5 25. g3 Kf7 26. Kg2 e5 27. Rdd1 h5 28. e4 Kg6 29. Rd5 Kf7 30. Ra6 Rcc7 31. h4 Rc8 32.
Kf3 Nb2 33. Ke2 Na4 34. Kd3 Nb2+ 35. Kc2 Nc4 36. Kb3 Rcc7 37. f4 exf4 38. gxf4 Rd7 39.
Rxd7+ Rxd7 40. Ra7 Rxa7 41. Bxa7 Nd2+ 42. Kc3 Nxe4+ 43.
Kd4 Nd6 44. Kd5 Nf5 45. Bf2 g5 46. fxg5 fxg5 47. hxg5 Kg6 48. Kc5 h4 49. Bxh4 Nxh4 50. Kxb5 Nf5 51. Kc5 Ne7 52. b5 Nc8 53. Kc6 Na7+ 54.
Kb6 Nxb5 55. Kxb5 Kxg5 1/2-1/2

[Event "*** Titled Tuesday Blitz"]
[Site "Chess.com"]
[Date "2020.05.05"]
[Round "6"]
[White "VerdeNotte"]
[Black "Doraemon7"]
[Result "1/2-1/2"]
[WhiteElo "2838"]
[BlackElo "2661"]
[TimeControl "180+1"]
[EndTime "11:08:07 PDT"]
[Termination "Game drawn by repetition"]

1. e4 e5 2. Nf3 Nc6 3. Bc4 Bc5 4.
O-O Nf6 5. d3 O-O 6. a4 a6 7.
Re1 h6 8. c3 Ba7 9. Be3 d6 10.
Bxa7 Rxa7 11. Nbd2 Re8 12. a5 Be6 13. b4 Ra8 14. Rb1 Bxc4 15. Nxc4 d5 16. exd5 Qxd5 17. Ne3 Qd7 18. Qc2 Rad8 19. Rbd1 Nd5 20. g3 Nxe3 21.
fxe3 Qg4 22. Nd2 Ne7 23. Nc4 Nf5 24. Qe2 Qg6 25. e4 Nd6 26. Ne3 Nb5 27. Rc1 Rd7 28.
Nf5 Red8 29. Rf1 Nd6 30. Nh4 Qg5 31. Nf3 Qe7 32. Rcd1 Nb5 33. Qc2 g6 34. Rf2 Kg7 35. c4 Nd4 36. Nxd4 Rxd4 37. Qe2 Qxb4 38. Rdf1 R8d7 39. Rf3 Qe7 40. Rb1 c6 41. Kg2 Qd6 42. Rb3 Qc5 43. Qb2 Qe7 44. h4 h5 45. Rb6 Rc7 46. Rb3 Rcd7 47. Qf2 Qd6 48. Qb2 Qe7 1/2-1/2

[Event "*** Titled Tuesday Blitz"]
[Site "Chess.com"]
[Date "2020.05.05"]
[Round "6"]
[White "Saxar85"]
[Black "m_ezat"]
[Result "0-1"]
[WhiteElo "2627"]
[BlackElo "2484"]
[TimeControl "180+1"]
[EndTime "11:08:07 PDT"]
[Termination "m_ezat won on time"]

1. Nf3 Nf6 2. b3 g6 3. Bb2 Bg7 4. g3 O-O 5. Bg2 d6 6. d4 Nc6 7. O-O e5 8. dxe5 Ng4 9. c4 Ngxe5 10. Nc3 a5 11. Qd2 a4 12. Nd5 Be6 13. Nxe5 Nxe5 14. f4 Bxd5 15. Bxd5 Nc6 16. Bxg7 Kxg7 17. f5 f6 18. b4 Ne5 19. Bxb7 Rb8 20. Bd5 c6 21. Be6 Qb6+ 22. c5 dxc5 23. bxc5 Qxc5+ 24. Kh1 Rbd8 25. Qc1 Qxc1 26. Raxc1 Rd2 27. Rfe1 Rb8 28. Kg2 Nd3 29.
Red1 Rxe2+ 30. Kf3 Nxc1 31. Rxc1 Rxh2 32. Rxc6 Rb7 33.
Ra6 gxf5 34. Rxa4 Kg6 35. Ra5 Rh5 36. Ra8 Rc7 37. Rg8+ Kh6 38. a4 Rg5 39. Rf8 Rc3+ 40. Kf4 Rgxg3 41. Rxf6+ Rg6 0-1

[Event "*** Titled Tuesday Blitz"]
[Site "Chess.com"]
[Date "2020.05.05"]
[Round "6"]
[White "Fh2411"]
[Black "Vuk2000"]
[Result "0-1"]
[WhiteElo "2457"]
[BlackElo "2637"]
[TimeControl "180+1"]
[EndTime "11:08:07 PDT"]
[Termination "Vuk2000 won by resignation"]

1. d4 Nf6 2. Nf3 e6 3. Bf4 d5 4.
e3 Bd6 5. Bg3 O-O 6. Nbd2 c5 7.
c3 Qc7 8. Ne5 Nc6 9. f4 c4 10.
Be2 b5 11. a3 Bb7 12. O-O Ne7 13. Bh4 Ne8 14. Bxe7 Qxe7 15. Qe1 a5 16. Qg3 f6 17.
Ng4 Nc7 18. Bf3 Kh8 19. Nf2 g5 20. Nh3 Rg8 21. Bg4 gxf4 22. exf4 f5 23. Ng5 fxg4 24. Qxg4 Raf8 25. g3 Qg7 26. Ndf3 Bc8 27. Qh4 Be7 28.
Rae1 Ne8 29. Ne5 Nd6 30. Qh5 Bxg5 31. fxg5 Rxf1+ 32. Rxf1 Qxg5 33. Qxg5 Rxg5 34. Kg2 Rf5 35. Rxf5 Nxf5 36. Kf3 Kg7 37. Nc6 Bb7 38. Ne5 Kf6 39. g4 Nd6 40. Kf4 Ne8 41. h4 Nd6 42. Nd7+ Ke7 43. Ne5 Bc8 44. Kg5 Nf7+ 45. Kf4 Nxe5 46.
Kxe5 Bd7 47. g5 Be8 0-1

[Event "*** Titled Tuesday Blitz"]
[Site "Chess.com"]
[Date "2020.05.05"]
[Round "6"]
[White "Usurpov"]
[Black "AndriiTop"]
[Result "1-0"]
[WhiteElo "2460"]
[BlackElo "2302"]
[TimeControl "180+1"]
[EndTime "11:08:08 PDT"]
[Termination "Usurpov won by resignation"]

1. e4 c6 2. d4 d5 3. Nc3 dxe4 4. Nxe4 Nf6 5. Nxf6+ exf6 6. c3 Bd6 7. Bd3 O-O 8.
Qc2 Re8+ 9. Ne2 h5 10. Be3 Nd7 11. O-O h4 12. h3 Nf8 13. Kh1 Be6 14. Rfe1 Qd7 15.
Ng1 g5 16. Rad1 Kg7 17. c4 Ng6 18. d5 cxd5 19. cxd5 Bxd5 20. Bxg6 Bxg2+ 21. Kxg2 fxg6 22. Qd3 Rad8 23. Bxa7 Rxe1 24. Rxe1 g4 25. Qe4 gxh3+ 26. Nxh3 Re8 27. Qxe8 Qg4+ 28. Kf1 Qxh3+ 29. Ke2 Qg4+ 30. Kd3 h3 31. Qe4 Qd7 32. Bd4 h2 33. Rh1 Be5 34. f4 Bxd4 35. Qxd4 Qh3+ 36. Kc4 Qe6+ 37. Qd5 Qe2+ 38.
Kc5 Qc2+ 39. Qc4 Qf2+ 40. Kb5 Qxf4 41. Qxf4 1-0

[Event "*** Titled Tuesday Blitz"]
[Site "Chess.com"]
[Date "2020.05.05"]
[Round "6"]
[White "Konovalova_Vera"]
[Black "archess2"]
[Result "0-1"]
[WhiteElo "2097"]
[BlackElo "2266"]
[TimeControl "180+1"]
[EndTime "11:08:08 PDT"]
[Termination "archess2 won by resignation"]

1. d4 d5 2. Nf3 Nf6 3. e3 c5 4. b3 Nc6 5. Bd3 cxd4 6. exd4 Bg4 7. Bb2 e6 8. Nbd2 Bd6 9. O-O O-O 10. Be2 Rc8 11. a3 Bf5 12. c4 Ne4 13. Ne5 Qc7 14.
Ndf3 f6 15. Nxc6 bxc6 16. h3 Be7 17. Rc1 Qb7 18. b4 a5 19. cxd5 exd5 20. b5 cxb5 21. Qb3 b4 22. a4 Be6 23. Bd3 Bf7 24. Bb5 Nd6 25. Qd3 Bg6 26. Qe2 Nxb5 27. axb5 Rfe8 28.
Rfe1 Rxc1 29. Rxc1 Rb8 30. Nh4 Be8 31. Nf5 Bf8 32.
Qe6+ Bf7 33. Qc6 a4 34. Qxb7 Rxb7 35. Rc8 g6 36. Ne3 Rxb5 37. Kf1 a3 38. Bc1 a2 39. Bb2 Ra5 40. Ba1 Kg7 41. Nd1 b3 42. Nb2 Ba3 43. Ke2 Bxb2 44. Bxb2 a1=Q 45. Bxa1 Rxa1 46.
Rb8 Ra2+ 47. Ke3 b2 48. Kf4 g5+ 49. Ke3 Bg6 50. Rb7+ Kh6 51. f4 b1=Q 0-1

[Event "*** Titled Tuesday Blitz"]
[Site "Chess.com"]
[Date "2020.05.05"]
[Round "6"]
[White "Undisputed92"]
[Black "Igor_Lysyj"]
[Result "0-1"]
[WhiteElo "2582"]
[BlackElo "2776"]
[TimeControl "180+1"]
[EndTime "11:08:09 PDT"]
[Termination "Igor_Lysyj won by resignation"]

1. e4 e5 2. Nf3 Nc6 3. Bb5 a6 4.
Ba4 Nf6 5. O-O Bc5 6. c3 O-O 7.
d4 Ba7 8. Bg5 h6 9. Bxf6 Qxf6 10.
Bxc6 Qxc6 11. Nxe5 Qxe4 12. Nd2 Qf5 13. Qf3 d6 14.
Qxf5 Bxf5 15. Nec4 Rfe8 16. Rfe1 Kf8 17. a4 Bd7 18. a5 f6 19. Re3 d5 20. Rxe8+ Rxe8 21. Ne3 c6 22. Nb3 Bc8 23. Re1 g5 24. Nc2 Rxe1+ 25.
Nxe1 Bf5 26. Nc5 Bc8 27. Nc2 Bb8 28. g3 Bd6 29. f3 Ke7 30. Kf2 Kd8 31. Nb4 Bc7 32. Ke3 Bxa5 33. Ncxa6 Bb6 34. Nc5 Ke7 35.
Nbd3 Kd6 36. b4 Bd8 37. g4 b6 38. Nb3 Ba6 39. Nd2 Ke6 40. h3 Bc7 41. Nf1 f5 42. Nd2 Bd6 43. Nb1 Kf6 44. Nd2 h5 45. gxh5 f4+ 46.
Ke2 Kg7 47. Nf1 Kh6 48. Nh2 Kxh5 49. Ng4 Kh4 50. Kd2 Kxh3 51. Nde5 Kg3 52. Nh6 Bc8 53. Nhf7 Bxe5 54. Nxe5 g4 55. fxg4 Bxg4 0-1

[Event "*** Titled Tuesday Blitz"]
[Site "Chess.com"]
[Date "2020.05.05"]
[Round "6"]
[White "tufferguy"]
[Black "HaryKane"]
[Result "1-0"]
[WhiteElo "2376"]
[BlackElo "2586"]
[TimeControl "180+1"]
[EndTime "11:08:09 PDT"]
[Termination "tufferguy won by resignation"]

1. e4 e6 2. d4 d5 3. Nc3 Nf6 4. Bg5 Be7 5. e5 Nfd7 6. h4 h6 7. Be3 c5 8. Qg4 g6 9. O-O-O Nc6 10. Nf3 cxd4 11. Bxd4 Nxd4 12. Rxd4 a6 13. Bd3 Qc7 14. Re1 Rg8 15. Rf4 Nf8 16. Nd4 Bc5 17. Kb1 b5 18. h5 g5 19. Rf6 Qb6 20. Nxd5 exd5 21. Bf5 Be6 22. Nxe6 fxe6 23. Bxe6 Rg7 24. Bf7+ Rxf7 25. Rxb6 Bxb6 26. e6 Re7 27. Qf5 O-O-O 28. Qf6 Rde8 29. Qxh6 Rxe6 30. Rxe6 Nxe6 31. Qg6 Kd7 32. h6 Nf8 33. Qf7+ Re7 34. Qf5+ Kc6 35. a3 Bc5 36. Ka2 Nh7 37. Qc8+ Rc7 38. Qxa6+ Bb6 39. Qa8+ Kc5 40. Qg8 Kd4 41.
c3+ Kd3 42. Kb3 Ke2 43. Qe6+ Kxf2 44. Qxb6+ Kxg2 45. Qxc7 Nf6 46. Qc5 Ne4 47. Qxb5 Nd2+ 48. Kc2 Ne4 49. Qd3 g4 50. Qxd5 Kf3 51. Qxe4+ Kxe4 52.
h7 g3 53. h8=Q g2 54. Qg8 g1=Q 55. Qxg1 Kf3 1-0

[Event "*** Titled Tuesday Blitz"]
[Site "Chess.com"]
[Date "2020.05.05"]
[Round "6"]
[White "Sam_ChessMood"]
[Black "Lagmantr"]
[Result "1-0"]
[WhiteElo "2875"]
[BlackElo "2710"]
[TimeControl "180+1"]
[EndTime "11:08:10 PDT"]
[Termination "Sam_ChessMood won by checkmate"]

1. e4 c6 2. Nf3 d5 3. d3 dxe4 4. dxe4 Qxd1+ 5. Kxd1 g6 6. Ne1 Bg7 7. f3 f5 8. Nd2 Nf6 9. Bc4 fxe4 10. Nxe4 Nxe4 11. fxe4 Bg4+ 12. Be2 Bxe2+ 13. Kxe2 Nd7 14. Nd3 Nf6 15. e5 Nd5 16. c4 Nc7 17. Be3 Ne6 18. Rhf1 Rf8 19. Rxf8+ Kxf8 20. Kf3 Rd8 21. Ke4 a6 22. a4 g5 23. g4 Kf7 24. a5 Kg6 25. Rf1 h5 26. gxh5+ Kxh5 27. Rf7 Bf8 28. Nc5 Nxc5+ 29.
Bxc5 Kg6 30. e6 Bg7 31. b4 Rd2 32. Rxe7 Re2+ 33. Kd3 Rxh2 34. Rxb7 g4 35. e7 Rh8 36. Ke4 Re8 37. Rc7 Kg5 38. Rxc6 Kh4 39. Rg6 Bb2 40. Kf5 g3 41. Rh6# 1-0

[Event "*** Titled Tuesday Blitz"]
[Site "Chess.com"]
[Date "2020.05.05"]
[Round "6"]
[White "SketchyMoves"]
[Black "BocharovD"]
[Result "0-1"]
[WhiteElo "2621"]
[BlackElo "2883"]
[TimeControl "180+1"]
[EndTime "11:08:10 PDT"]
[Termination "BocharovD won on time"]

1. e4 c5 2. Nc3 d6 3. f4 g6 4. Nf3 Bg7 5. Bb5+ Bd7 6. Bxd7+ Qxd7 7. d3 Nc6 8. O-O Nf6 9. h3 O-O 10. Be3 b5 11. Qe1 b4 12. Ne2 c4 13. Qh4 cxd3 14. cxd3 e6 15. f5 exf5 16. Bh6 Rfe8 17. Ng3 Bh8 18. exf5 Nd5 19. fxg6 hxg6 20. Ng5 f5 21. Qc4 Re5 22. Nf3 Na5 23. Nxe5 dxe5 24. Qh4 Nc6 25.
Rae1 Nd4 26. Ne2 Ne6 27. Qg3 Kh7 28. Bd2 Bf6 29. Qf3 Rd8 30. Kh1 Kg7 31. Qf2 a5 32. Ng1 Ndf4 33. Bxf4 Nxf4 34. Rd1 Nxd3 35. Qb6 e4 36.
Rd2 a4 37. b3 a3 38. Qe3 Qe7 39. Nf3 f4 40. Qe2 Bc3 41. Rdd1 Rd7 42. Nd2 e3 43. Nc4 Nf2+ 44. Kh2 Rxd1 45. Rxf2 Re1 46. Qf3 exf2 47. Qxf2 f3 48. Qxf3 Be5+ 0-1

[Event "*** Titled Tuesday Blitz"]
[Site "Chess.com"]
[Date "2020.05.05"]
[Round "6"]
[White "Love_craft"]
[Black "LiamPutnam2008"]
[Result "0-1"]
[WhiteElo "2311"]
[BlackElo "2537"]
[TimeControl "180+1"]
[EndTime "11:08:10 PDT"]
[Termination "LiamPutnam2008 won on time"]

1. Nf3 Nf6 2. g3 d5 3. Bg2 e6 4. O-O Be7 5. d3 O-O 6. Nbd2 c5 7. e4 Nc6 8. e5 Nd7 9. Re1 Qc7 10. Qe2 b5 11. h4 b4 12. Nf1 a5 13. N1h2 Ba6 14.
Bg5 c4 15. Ng4 h6 16. Nxh6+ gxh6 17. Bxh6 Rfe8 18. Bf4 Bf8 19. Ng5 Bg7 20. Qh5 Nf8 21. Bxd5 Ng6 22. Bxe6 fxe6 23. Qh7+ Kf8 24. Qxg6 Nd4 25.
Nh7+ Kg8 26. Nf6+ Kf8 27. Bh6 Nf3+ 28. Kh1 Bb7 29. Nh7+ Kg8 30. Nf6+ Kf8 31. Nh7+ Kg8 32. Re4 Bxe4 33. dxe4 Nxe5 34. Nf6+ Kf8 35. Nh7+ Kg8 36. Nf6+ Kf8 37. Nh7+ Ke7 38. Qxg7+ Kd6 39. Qxc7+ Kxc7 40. Bf4 Rh8 41. Bxe5+ Kc6 42. Bxh8 Rxh8 43. Ng5 c3 0-1

[Event "*** Titled Tuesday Blitz"]
[Site "Chess.com"]
[Date "2020.05.05"]
[Round "6"]
[White "Larina_Marija"]
[Black "tamarozi99"]
[Result "1-0"]
[WhiteElo "2146"]
[BlackElo "1996"]
[TimeControl "180+1"]
[EndTime "11:08:10 PDT"]
[Termination "Larina_Marija won by checkmate"]

1. e4 c5 2. Nc3 g6 3. g3 Bg7 4.
Bg2 Nc6 5. d3 d6 6. Be3 e6 7.
Qd2 h6 8. Nge2 Nge7 9. O-O Nd4 10. Nd1 Nxe2+ 11. Qxe2 O-O 12. c3 Nc6 13. Qd2 Kh7 14. f4 f5 15. Nf2 Qc7 16. h3 Rb8 17. g4 b5 18. Rac1 b4 19. d4 c4 20. cxb4 Rxb4 21. Nd1 fxe4 22. Bxe4 d5 23. Bb1 Qb6 24. a3 Rb3 25.
Qc2 Rxe3 26. Qxg6+ Kg8 27. Qh7+ Kf7 28. Bg6+ Kf6 29.
g5+ hxg5 30. fxg5+ Ke7 31. Qxg7+ Kd6 32. Qxf8+ Ne7 33.
Rf7 Rg3+ 34. Kh2 Qxd4 35. Qxe7+ Ke5 36. Qf6+ Kd6 37. Qxd4 e5 38. Qd2 Rxh3+ 39. Kg2 Rh4 40. Qb4+ Ke6 41. Qe7# 1-0

[Event "*** Titled Tuesday Blitz"]
[Site "Chess.com"]
[Date "2020.05.05"]
[Round "6"]
[White "Rozum_Ivan"]
[Black "blitzking1729"]
[Result "0-1"]
[WhiteElo "2679"]
[BlackElo "2505"]
[TimeControl "180+1"]
[EndTime "11:08:11 PDT"]
[Termination "blitzking1729 won by checkmate"]

1. Nf3 d6 2. d4 g6 3. Nc3 Bg7 4. g3 Nf6 5. Bg2 O-O 6. O-O c6 7. e4 Nbd7 8. a4 Qc7 9. h3 e5 10. Re1 Re8 11. a5 Rb8 12. Be3 b5 13. axb6 axb6 14. d5 cxd5 15. Nb5 Qc6 16. Na7 Qc7 17.
exd5 Nc5 18. Nc6 Rb7 19. b4 Nce4 20. c4 Bd7 21. Nd2 Nxd2 22. Qxd2 b5 23. c5 e4 24. cxd6 Qxd6 25. Bc5 Qxd5 26. Nd4 Rbb8 27. Rad1 Rbd8 28. Qc2 Qb7 29. Ra1 Ra8 30. Rxa8 Rxa8 31. Nb3 Re8 32. Bd4 Qc8 33. Nc5 Bxh3 34. Bxf6 Bxf6 35. Bxh3 Qxh3 36. Nxe4 Kg7 37. Rc1 Qf5 38. Nd6 Re1+ 39.
Kg2 Qd5+ 40. Kh3 Qh1+ 41. Kg4 Qh5+ 42. Kf4 Be5# 0-1

[Event "*** Titled Tuesday Blitz"]
[Site "Chess.com"]
[Date "2020.05.05"]
[Round "6"]
[White "energie73"]
[Black "Zakaryan_David"]
[Result "0-1"]
[WhiteElo "2334"]
[BlackElo "2562"]
[TimeControl "180+1"]
[EndTime "11:08:11 PDT"]
[Termination "Zakaryan_David won on time"]

1. d4 Nf6 2. Bf4 d5 3. Nc3 c6 4. e3 g6 5. h4 Na6 6. Be2 h5 7. Nf3 Nc7 8. Ne5 Bg7 9. Qd2 a5 10. Bd3 a4 11. a3 Bd7 12. f3 Qc8 13. e4 dxe4 14. fxe4 Ng4 15. O-O-O Ne6 16. Kb1 Nxf4 17. Qxf4 Bxe5 18. dxe5 Be6 19. Be2 Qc7 20. Bxg4 hxg4 21. g3 Rh5 22. Nd5 cxd5 23. exd5 Qxe5 24. Qxe5 Rxe5 25.
dxe6 Rxe6 26. Rd4 Ra5 27. Rxg4 Kf8 28. Rb4 b6 29. g4 Kg7 30. h5 gxh5 31. gxh5 Kh6 32.
Rf4 f6 33. Rg4 Rxh5 34. Rhg1 f5 35. Rg8 Kh7 36. R1g7+ Kh6 37. Rg2 Rh1+ 38. Ka2 Kh7 39. R2g7+ Kh6 40. Rg5 Rf6 41. Rg2 Kh5 0-1

[Event "*** Titled Tuesday Blitz"]
[Site "Chess.com"]
[Date "2020.05.05"]
[Round "6"]
[White "DACF2905"]
[Black "Corpescador"]
[Result "1-0"]
[WhiteElo "2204"]
[BlackElo "2382"]
[TimeControl "180+1"]
[EndTime "11:08:11 PDT"]
[Termination "DACF2905 won on time"]

1. c4 e5 2. g3 Nf6 3. Nc3 d5 4.
cxd5 Nxd5 5. Bg2 Nb6 6. e3 g6 7.
Nge2 Nc6 8. d4 exd4 9. exd4 Bg7 10. d5 Ne5 11. O-O O-O 12. h3 a5 13. b3 a4 14. Bb2 a3 15. Bc1 Bf5 16. Be3 Re8 17.
g4 Bxg4 18. hxg4 Nxg4 19. Bf4 Be5 20. Qd2 Qh4 21. Bxe5 Rxe5 22. Qf4 Rg5 23. f3 Re8 24. fxg4 f5 25. gxf5 Rg4 26. Qh2 Qg5 27. fxg6 hxg6 28. Rf2 Nd7 29. d6 c6 30. Kf1 Ne5 31. Rd1 Rd8 32.
d7 Kg7 33. Ne4 Qe7 34. Rf4 Rxf4+ 35. Qxf4 Nxd7 36. Kg1 Rf8 37. Qg5 Qf7 38. Rf1 Qe8 39. Rxf8 Nxf8 40. Qf6+ Kg8 41. Nf4 Qd7 42. Qg5 Qd1+ 43.
Kh2 Qc1 44. Nxg6 Qxg5 45. Nxg5 Nxg6 46. Ne6 Ne5 47. Nd8 Nd3 48. Nxb7 Nb4 49. Na5 1-0

[Event "*** Titled Tuesday Blitz"]
[Site "Chess.com"]
[Date "2020.05.05"]
[Round "6"]
[White "VinzentSpitzl"]
[Black "Efremov_Vlad"]
[Result "1/2-1/2"]
[WhiteElo "2383"]
[BlackElo "2139"]
[TimeControl "180+1"]
[EndTime "11:08:11 PDT"]
[Termination "Game drawn by repetition"]

1. e4 c5 2. Nf3 Nc6 3. Bb5 g6 4. O-O Bg7 5. Bxc6 bxc6 6. Re1 Nh6 7.
Nc3 O-O 8. d4 cxd4 9. Nxd4 Qc7 10. h3 d6 11. Be3 f5 12. Bxh6 Bxh6 13. exf5 Bxf5 14. Nxf5 Rxf5 15. Qe2 e5 16. Rad1 Raf8 17. f3 d5 18. b3 Bg7 19. Nb1 Rf4 20. Nd2 Qb6+ 21.
Kh1 a5 22. c4 Qc5 23. Qe3 Qxe3 24. Rxe3 Ra8 25. g3 Rd4 26. Ree1 a4 27. Nb1 Rxd1 28.
Rxd1 axb3 29. axb3 Rb8 30. Nd2 Rb4 31. Kg2 Kf7 32. Kf2 Ke6 33. Ke2 Bh6 34. Kd3 Bxd2 35. cxd5+ cxd5 36. Rxd2 Rxb3+ 37. Ke2 d4 38. Rc2 Kd5 39. Rc8 h5 40. Rd8+ Ke6 41. Re8+ Kf6 42. Rf8+ Ke7 43. Rg8 Kf7 44. Rc8 Rb2+ 45. Kd3 Rb3+ 46.
Ke2 Rb2+ 47. Kd3 Rb3+ 48. Ke2 1/2-1/2

[Event "*** Titled Tuesday Blitz"]
[Site "Chess.com"]
[Date "2020.05.05"]
[Round "6"]
[White "robertofabregas"]
[Black "misteralmeidM"]
[Result "1-0"]
[WhiteElo "2086"]
[BlackElo "1740"]
[TimeControl "180+1"]
[EndTime "11:08:11 PDT"]
[Termination "robertofabregas won on time"]

1. d4 d6 2. Bf4 Nf6 3. e3 g6 4. h4 Bg7 5. c3 O-O 6. Be2 Nd5 7. Bg3 e5 8. Qb3 c6 9. c4 Ne7 10. d5 Nf5 11. e4 Nd4 12. Qd3 f5 13. Nf3 fxe4 14.
Qd2 exf3 15. Bxf3 Rxf3 16. O-O Rf7 17. Nc3 Nf5 18. Ne4 Nxh4 19. Bxh4 Qxh4 20. Nxd6 Rc7 21. Rfe1 Bd7 22. g3 Qd4 23. Qa5 b6 24. Qa3 e4 25.
Rxe4 Qxb2 26. Qxb2 Bxb2 27. Rae1 Bc3 28. R1e3 cxd5 29. cxd5 Bd2 30. Rf3 Rc2 31. Re7 Bg5 32. Re5 Bh6 33. Kg2 Bg7 34. Re7 Bf8 35. Rxf8+ Kxf8 36.
Rf7+ Kg8 37. Re7 Rxa2 38. Re3 Bb5 39. Rf3 Be2 40. Rf7 Rc2 41. Rb7 1-0

[Event "*** Titled Tuesday Blitz"]
[Site "Chess.com"]
[Date "2020.05.05"]
[Round "6"]
[White "PaulfromSPb"]
[Black "Kezin_Roman"]
[Result "1-0"]
[WhiteElo "2626"]
[BlackElo "2785"]
[TimeControl "180+1"]
[EndTime "11:08:12 PDT"]
[Termination "PaulfromSPb won by resignation"]

1. e4 c5 2. Ne2 Nc6 3. d4 cxd4 4. Nxd4 e6 5. Nc3 Qc7 6. Be2 a6 7. f4 b5 8. Nxc6 Qxc6 9. Bf3 Bb7 10. e5 Qc7 11. Ne4 Nh6 12. Be3 Nf5 13. Bf2 Rc8 14. c3 h5 15. O-O Be7 16. Qe2 Qc4 17. Qxc4 Rxc4 18. Nf6+ gxf6 19. Bxb7 Rxf4 20. exf6 Bxf6 21. Bxa6 b4 22. g3 Rg4 23. cxb4 Rxb4 24. Rab1 d6 25.
Bd3 Ne7 26. Kg2 Be5 27. b3 Nd5 28. a3 Rb8 29. b4 h4 30. Rb3 Ke7 31. b5 hxg3 32.
hxg3 Rhg8 33. Kf3 Ra8 34. b6 Rgb8 35. Rfb1 Ra4 36. Bb5 Ra5 37. Bc6 Nc3 38. Rc1 Na4 39. Bxa4 Rxa4 40. Rc7+ Kf6 41. b7 d5 42. Rc8 Rxb7 43. Rxb7 Rxa3+ 44. Kg2 Kg6 45. Rg8+ Kf5 46. Rxf7+ Ke4 47. Rg4+ Kd3 48. Rf3+ Ke2 49. Rxa3 1-0

[Event "*** Titled Tuesday Blitz"]
[Site "Chess.com"]
[Date "2020.05.05"]
[Round "6"]
[White "ErikRonka"]
[Black "Gahan-MG"]
[Result "0-1"]
[WhiteElo "2418"]
[BlackElo "2603"]
[TimeControl "180+1"]
[EndTime "11:08:12 PDT"]
[Termination "Gahan-MG won by resignation"]

1. Nf3 Nf6 2. c4 g6 3. Nc3 Bg7 4. e4 d6 5. d4 O-O 6. Be2 c6 7.
O-O Re8 8. Re1 Qc7 9. Rb1 e5 10. d5 c5 11. a3 Bg4 12. Nd2 Bxe2 13. Qxe2 Nh5 14. g3 a6 15. b4 cxb4 16. axb4 b5 17. Ba3 Nd7 18. Rec1 bxc4 19. Nxc4 Bh6 20. Ne3 Qa7 21. b5 Bxe3 22. Qxe3 Qxe3 23. fxe3 Nc5 24. Bxc5 dxc5 25. b6 Nf6 26. b7 Rab8 27. Rb6 Nd7 28. Rb2 Re7 29. Na4 Kg7 30. d6 Re6 31. Nxc5 Rxd6 32. Na4 Rd3 33. Rc7 Kf6 34. Nc5 Nxc5 35. Rxc5 Rd7 36. Rc6+ Kg7 37. Rcb6 a5 38. Ra6 Rdxb7 39. Rxb7 Rxb7 40. Rxa5 Kf6 41. h3 Rb2 42.
Ra6+ Ke7 43. Ra7+ Kf6 44. Ra6+ Kg5 45. Ra7 f6 46. Rxh7 Re2 47. Rh4 Rxe3 48. Rg4+ Kh6 49. Rh4+ Kg7 50. Rg4 Re2 51. h4 Kh6 52. Kf1 Rh2 53.
Kg1 Rc2 54. Kf1 Kh5 55. Rxg6 Kxg6 0-1

[Event "*** Titled Tuesday Blitz"]
[Site "Chess.com"]
[Date "2020.05.05"]
[Round "6"]
[White "Marcin"]
[Black "Batsai"]
[Result "0-1"]
[WhiteElo "2410"]
[BlackElo "2281"]
[TimeControl "180+1"]
[EndTime "11:08:12 PDT"]
[Termination "Batsai won by checkmate"]

1. d4 Nf6 2. c4 e6 3. g3 d5 4.
Nf3 Be7 5. Bg2 O-O 6. O-O Nbd7 7. Nbd2 c6 8. Qc2 b6 9. e4 dxc4 10. Nxc4 Bb7 11. Rd1 c5 12. dxc5 Bxe4 13. Qe2 Bxc5 14.
Bg5 Qc8 15. Rac1 Qa6 16. a3 h6 17. Bf4 Bd5 18. b4 Be7 19. Nd4 Bxg2 20. Kxg2 Rac8 21. b5 Qb7+ 22. Nc6 Nd5 23. Bd2 Bc5 24. Kg1 N7f6 25.
Rc2 Ne7 26. N6e5 Rfd8 27. Bc1 Rxd1+ 28. Qxd1 Ne4 29. Qf3 Ng6 30. Nxg6 fxg6 31. Be3 Rf8 32. Qg4 Bxe3 33. Qxe6+ Kh7 34. Nxe3 Ng5 35. Qc6 Qf7 36. f4 Qb3 37. Rc3 Qb1+ 38. Kg2 Nf7 39. Ng4 Rd8 40.
Qc7 Rd2+ 41. Kh3 Qf1+ 42. Kh4 g5+ 43. fxg5 hxg5+ 44. Kh5 Qh3# 0-1

[Event "*** Titled Tuesday Blitz"]
[Site "Chess.com"]
[Date "2020.05.05"]
[Round "6"]
[White "ManuDavid2910"]
[Black "penguingm1"]
[Result "0-1"]
[WhiteElo "2643"]
[BlackElo "2829"]
[TimeControl "180+1"]
[EndTime "11:08:14 PDT"]
[Termination "penguingm1 won by resignation"]

1. e4 e6 2. Nf3 d5 3. Nc3 dxe4 4. Nxe4 Nd7 5. d4 Ngf6 6. Bd3 c5 7. Nxf6+ Nxf6 8. O-O cxd4 9. Nxd4 Bc5 10. Be3 Qb6 11. Rb1 e5 12. Nb5 Bxe3 13. fxe3 Qxe3+ 14. Kh1 O-O 15. Qe1 Qg5 16. Nd6 Bd7 17. Ne4 Nxe4 18. Qxe4 g6 19.
Qxb7 Be6 20. Rbe1 Rfd8 21. Be4 Rab8 22. Qxa7 Rxb2 23. a4 Rd4 24. a5 Ra2 25. a6 Bc4 26. Qb8+ Kg7 27. Qb7 Bxf1 28. Rxf1 Qf4 29. Bf3 Rda4 30. g3 Qf6 31. Be2 Ra1 32. Rxa1 Rxa1+ 33. Kg2 Re1 34. Bd3 e4 35. Bc4 Qf3+ 36. Kh3 Rh1 37. Qb2+ Kh6 38. Qe5 f5 39. Qf4+ Qxf4 40. gxf4 Ra1 41.
Bb5 Ra5 42. c4 Kg7 43. Kg3 Kf6 44. Kf2 Ra3 45. c5 Ke7 46. c6 Kd6 47. Ke2 Ra5 0-1

[Event "*** Titled Tuesday Blitz"]
[Site "Chess.com"]
[Date "2020.05.05"]
[Round "6"]
[White "elohunter1999"]
[Black "TheBigBoss04"]
[Result "1-0"]
[WhiteElo "2530"]
[BlackElo "2707"]
[TimeControl "180+1"]
[EndTime "11:08:14 PDT"]
[Termination "elohunter1999 won on time"]

1. e4 g6 2. d4 Bg7 3. Nc3 c6 4. Nf3 d5 5. h3 dxe4 6. Nxe4 Nf6 7. Nxf6+ exf6 8. Bc4 O-O 9. O-O Nd7 10. Re1 b5 11.
Bb3 Nb6 12. c3 a5 13. a4 bxa4 14. Bxa4 Nxa4 15. Qxa4 Be6 16. Bf4 Bd5 17. Nd2 Qd7 18.
Nc4 Qf5 19. Bg3 h5 20. Ne3 Qg5 21. h4 Qh6 22. Nxd5 cxd5 23. Qb5 Rfd8 24. Rxa5 Qd2 25. Rea1 Rxa5 26. Qxa5 Re8 27. Qxd5 Qxb2 28. Ra8 Rxa8 29. Qxa8+ Kh7 30. d5 Qxc3 31. d6 f5 32. d7 Bf6 33.
d8=Q Bxd8 34. Qxd8 Qc1+ 35. Kh2 f4 36. Qf6 fxg3+ 37.
Kxg3 Qa3+ 38. f3 Qb3 39. Qd4 Qe6 40. Kf2 Qe7 41. g3 f6 42. f4 Qe6 43. Kf3 Qc6+ 44. Qe4 Qc3+ 45. Qe3 Qb4 46. Qe4 Qa3+ 47. Kg2 Qb2+ 48. Kh3 Qa3 49. f5 g5 50. hxg5 fxg5 51.
f6+ Kh6 52. Qe7 g4+ 53. Kh4 1-0